 Dungeon Crawl Stone Soup version 0.30.0-15-g856e2d3f33 (webtiles) character file.

Game seed: 1116285381656998221

81 jtron the Cudgeller (level 4, -7/44 HPs)
             Began as a Troll Monk on May 18, 2023.
             Mangled by a gnoll
             ... wielding a +0 flail
              (12 damage)
             ... on level 2 of the Dungeon.
             The game lasted 00:02:09 (836 turns).

jtron the Cudgeller (Troll Monk)                     Turns: 836, Time: 00:02:09

Health: -7/44      AC:  4    Str: 19    XL:     4   Next: 20%
Magic:  3/3        EV: 10    Int:  8    God:
Gold:   82         SH:  0    Dex: 12    Spells: 3/3 levels left

rFire   . . .        a - +0 mace
rCold   + . .        d - orb {light}
rNeg    . . .        b - +0 robe
rPois   .            (helmet restricted)
rElec   .            (no cloak)
rCorr   .            (gloves unavailable)
SInv    .            (boots unavailable)
Will    .....        (no amulet)
Stlth   +            g - ring of wizardry
HPRegen 1.07/turn    q - ring of protection from cold
MPRegen 0.08/turn

%: wizardry (x1)
@: glowing
A: large, unfitting armour, claws 3, regeneration 1, shaggy fur 1, tough skin 1
a: no special abilities


You were on level 2 of the Dungeon.
You visited 1 branch of the dungeon, and saw 2 of its levels.

You collected 82 gold pieces.

Inventory:

Hand Weapons
 a - a +0 mace (weapon)
Missiles
 m - 17 stones (quivered)
Armour
 b - a +0 robe (worn)
 d - an orb of light (worn)
Jewellery
 g - a ring of wizardry (left claw)
 q - a ring of protection from cold (right claw)
Scrolls
 e - a scroll of enchant weapon {unknown}
 f - 2 scrolls of fear
 h - a scroll of teleportation {unknown}
 i - a scroll of magic mapping {unknown}
 j - a scroll of poison {unknown}
 k - a scroll of immolation
 l - a scroll of enchant armour {unknown}
 o - a scroll of silence {unknown}
Potions
 c - a potion of ambrosia


   Skills:
 + Level 2.9 Fighting
 + Level 3.6 Maces & Flails
 + Level 3.0 Dodging
 + Level 0.1 Stealth


You had 3 spell levels left.
You didn't know any spells.
Your spell library contained the following spells:

 Spells                   Type           Power      Damage    Failure   Level
 Freeze                   Ice            0%         1d3       17%         1
 Frozen Ramparts          Ice            0%         1d1       45%         3
 Hailstorm                Conj/Ice       0%         3d3       45%         3


Dungeon Overview and Level Annotations

Branches:
Dungeon (2/15)

Altars:

Annotations:
D:2 Robin


Innate Abilities, Weirdness & Mutations

You are too large for most types of armour.
You have claws for hands.
Your natural rate of healing is unusually fast.
You are covered in fur. (AC +1)
You have tough skin. (AC +1)


Message History

The goblin is moderately wounded.
The goblin hits you with a +0 dagger.
You hit the goblin.
The goblin is heavily wounded.
The goblin hits you with a +0 dagger. The gnoll closely misses you.
The goblin hits you with a +0 dagger. The gnoll barely misses you.
You barely miss the goblin.
The goblin is heavily wounded.
The goblin hits you with a +0 dagger. The gnoll hits you with a +0 flail!
You barely miss the goblin.
The goblin is heavily wounded.
Robin laughs in a distinctly smug fashion.
The goblin misses you. The gnoll barely misses you.
You closely miss the goblin.
The goblin is heavily wounded.
The goblin hits you but does no damage. The gnoll hits you with a +0 flail!
You barely miss the goblin.
The goblin is heavily wounded.
The goblin hits you but does no damage. The gnoll hits you with a +0 flail!
* * * LOW HITPOINT WARNING * * *
The goblin barely misses you. The gnoll barely misses you.
You sock the goblin!
You kill the goblin!
The gnoll hits you with a +0 flail!
* * * LOW HITPOINT WARNING * * *
You feel better. The gnoll barely misses you.
You hit the gnoll.
The gnoll is lightly wounded.
The gnoll hits you with a +0 flail.
* * * LOW HITPOINT WARNING * * *
You hit the gnoll.
The gnoll is lightly wounded.
The gnoll hits you with a +0 flail.
* * * LOW HITPOINT WARNING * * *
You barely miss the gnoll.
The gnoll is lightly wounded.
The gnoll hits you with a +0 flail.
* * * LOW HITPOINT WARNING * * *
The gnoll hits you with a +0 flail!
You die...

#................#.....
#......#..............
#......#..........##.##
#......#...............
#......#..........###..
#......#####)######
#.......####†# ####.
#...........)#####.....
.#..<...@ggg......
....######g..###.. <..
#g.........# ..
#g###)..#### .
....g#?#g.....#
.....###..###..
.g.g...g.## .
....K..### .......


You could see Robin (resistant) and 3 gnolls.

Vanquished Creatures
  A worm (D:2)
  6 dart slugs
  7 endoplasms
  2 giant cockroaches (D:1)
  7 hobgoblins
  2 quokkas
  6 ball pythons
  4 bats
  A frilled lizard (D:1)
  15 goblins
  2 kobolds
  5 rats
58 creatures vanquished.

Notes
Turn   | Place    | Note
-------+----------+-------------------------------------------
     0 | D:1      | jtron the Troll Monk began the quest for the Orb.
     0 | D:1      | Reached XP level 1. HP: 22/22 MP: 0/0
   103 | D:1      | Reached XP level 2. HP: 29/29 MP: 1/1
   398 | D:1      | Reached XP level 3. HP: 31/36 MP: 2/2
   796 | D:2      | Reached XP level 4. HP: 44/44 MP: 3/3
   802 | D:2      | Noticed Robin
   832 | D:2      | HP: 2/44 [gnoll/+0 flail (9)]
   836 | D:2      | Mangled by a gnoll

Illustrated notes

Levels and vault maps discovered:
D:1:      minmay_arrival_open_corners, layout_rooms, serial_curves,
          eino_curves_01, eino_curves_04, eino_curves_01
D:2:      layout_rooms, hellmonk_ecumenical_altar_run_dry, item_on_display_a,
          uniq_robin, uniq_crazy_yiuf_cottage

Skill      XL: |  1  2  3 |
---------------+----------+-----
Maces & Flails | 3 |  3.6
Dodging        | 3 |  3.0
Fighting       | |  2.9
Stealth        | |  0.1

Action                     |  1- 3 |  4- 6 || total
---------------------------+-------+-------++-------
  Melee: Mace              |   105 |    33 ||   138
    Use: Scroll            |     4 |       ||     4
         Potion            |       |     2 ||     2
 Armour: Robe              |    34 |    11 ||    45
  Dodge: Dodged            |    38 |    23 ||    61
